 Dungeon Crawl Stone Soup version 0.31.0-32-g396128a36d (webtiles) character file.

Game seed: 15623850289423759885

67 gohu the Magician (level 4, -2/31 HPs)
             Began as a Djinni Fire Elementalist on Mar 17, 2024.
             Slain by a ribbon worm (7 damage)
             ... on level 2 of the Dungeon.
             The game lasted 00:02:43 (1681 turns).

gohu the Magician (Djinni Fire Elementalist)        Turns: 1681, Time: 00:02:44

Health: -2/31      AC:  3    Str:  7    XL:     4   Next: 40%
Gold:   115        EV:  6    Int: 19    God:
                   SH:  0    Dex: 13

rFire   + + .        (no weapon)
rCold   x . .        (no shield)
rNeg    . . .        a - +0 robe
rPois   ∞            (no helmet)
rElec   .            h - +0 cloak
rCorr   .            (no gloves)
SInv    .            (boots unavailable)
Will    +....        (no amulet)
Stlth   ++           g - ring of willpower
HPRegen 0.25/turn    (no ring)
MPRegen 0.00/turn

%: infuse magic (-3 HP)
@: flying, held
A: sickness immunity, fire resistance 2, cold vulnerability 1, float, innate
caster, HP casting, extra vitality 1
a: no special abilities


You were on level 2 of the Dungeon.
You visited 1 branch of the dungeon, and saw 2 of its levels.

You collected 143 gold pieces.
You spent 28 gold pieces at shops.

Inventory:

Armour
 a - a +0 robe (worn)
 h - a +0 cloak (worn)
Magical Staves
 b - a staff of alchemy
Jewellery
 g - a ring of willpower (left hand)
 l - a ring of positive energy
Scrolls
 c - 2 scrolls of teleportation {unknown}
 d - 2 scrolls of identify
 f - 2 scrolls of vulnerability {unknown}
 i - a scroll of acquirement {unknown}
 k - a scroll of revelation {unknown}
 m - 3 scrolls of enchant weapon {unknown}
Potions
 e - a potion of haste {unknown}
 j - a potion of invisibility {unknown}
 n - a potion of magic {unknown}


   Skills:
 - Level 2.1 Dodging
 - Level 1.5 Stealth
 + Level 4.3 Spellcasting
 + Level 4.3 Conjurations
 + Level 4.3 Hexes
 + Level 4.3 Summonings
 + Level 4.3 Necromancy
 + Level 4.3 Translocations
 + Level 4.3 Fire Magic
 + Level 4.3 Ice Magic
 + Level 4.3 Air Magic
 + Level 4.3 Earth Magic
 + Level 4.3 Alchemy


You knew the following spells:

 Your Spells              Type           Power      Damage    Failure   Level
a - Foxfire               Conj/Fire      80%        2x1d8     2%          1
b - Scorch                Fire           40%        2d6       3%          2
c - Volatile Blastmotes   Fire/Tloc      40%        2d13      7%          3
d - Inner Flame           Hex/Fire       20%        N/A       7%          3
e - Flame Wave            Conj/Fire      20%        2d7       22%         4
f - Magic Dart            Conj           80%        1d7       2%          1
Your spell library was empty.

Dungeon Overview and Level Annotations

Branches:
Dungeon (2/15)

Altars:

Shops:
D:1 *=:


Innate Abilities, Weirdness & Mutations

You are immune to sickness and miasma.
You are immune to poison.
Your flesh is very heat resistant. (rF++)
You are vulnerable to cold. (rC-)
You float through the air rather than walking.
You learn spells naturally, not from books.
Your magical power is your life essence.
You have superior vitality. (+4 MHP)


Message History

The ribbon worm is no longer more vulnerable to fire.
Casting: Scorch (safe; 3% risk of failure)
Confirm with . or Enter, or press ? or * to list all spells.
Flames lash the ribbon worm.
The ribbon worm is heavily wounded.
The ribbon worm's fire resistance burns away.
The ribbon worm closely misses you. The ribbon worm closely misses you.
Casting: Scorch (safe; 3% risk of failure)
Confirm with . or Enter, or press ? or * to list all spells.
Flames lash the ball python.
You kill the ball python!
The ribbon worm is no longer more vulnerable to fire. x2
The ribbon worm expels a string of sticky webbing.
The stream of webbing hits you but does no damage.
You are caught in a web!
The ribbon worm expels a string of sticky webbing.
The stream of webbing hits you but does no damage.
You are even more entangled.
Casting: Scorch (safe; 3% risk of failure)
Confirm with . or Enter, or press ? or * to list all spells.
Flames lash the ribbon worm.
The ribbon worm is heavily wounded.
The ribbon worm's fire resistance burns away.
The ribbon worm bites you!
Casting: Scorch (safe; 3% risk of failure)
Confirm with . or Enter, or press ? or * to list all spells.
Flames lash the ribbon worm.
The ribbon worm is heavily wounded.
The ribbon worm's fire resistance burns away.
The ribbon worm bites you. The ribbon worm barely misses you.
The ribbon worm bites you. x2
* * * LOW HITPOINT WARNING * * *
Casting: Scorch (safe; 3% risk of failure)
Confirm with . or Enter, or press ? or * to list all spells.
Flames lash the ribbon worm.
The ribbon worm is burned terribly!
The ribbon worm is almost dead.
* * * LOW HITPOINT WARNING * * *
The ribbon worm bites you!
You die...

#.......# #....# #
####.#### #..####.#
#....# #.......#
########.# ##.######
.........#####.#######
###.####.............##
####..#####..#..... ..
..##.#.....# ##.###....
#.. ......w@...# #.##
##.:† #..# .###.#w##.##
##.###...# ##... .....
..# #..#....# .....# #
##.. ### #.#......
.#<#.### #.. #.##.##.#
.......# #.. #.##.##.#
..##.#<# #.. #........
.......# #####..
####.###. #.##§#.#.....
..#####.###.


You could see 2 ribbon worms.

Vanquished Creatures
  7 dart slugs
  2 ribbon worms (D:2)
  4 ball pythons
  5 endoplasms
  4 giant cockroaches
  3 goblins
  2 hobgoblins
  3 jackals (D:1)
  2 kobolds (D:1)
  2 quokkas
  3 bats (D:1)
  3 frilled lizards
  3 rats (D:1)
43 creatures vanquished.

Vanquished Creatures (others)
  142 foxfires
142 creatures vanquished.

Grand Total: 185 creatures vanquished

Notes
Turn   | Place    | Note
-------+----------+-------------------------------------------
     0 | D:1      | gohu the Djinni Fire Elementalist began the quest for the
                  | Orb.
     0 | D:1      | gohu set off with the following spells memorised: Foxfire,
                  | Scorch, Volatile Blastmotes, Inner Flame, Flame Wave.
     0 | D:1      | Reached XP level 1. HP: 15/15 MP: 0/0
   126 | D:1      | Reached XP level 2. HP: 20/21 MP: 0/0
   319 | D:1      | Found Pihaec's General Store.
   327 | D:1      | Bought a scroll of identify for 28 gold pieces
   396 | D:1      | Reached XP level 3. HP: 23/25 MP: 0/0
   396 | D:1      | Learned a level 1 spell: Magic Dart
   736 | D:1      | Found Onalymick's Book Shoppe.
  1059 | D:1      | Found Bihaulox's Jewellery Boutique.
  1154 | D:2      | Reached XP level 4. HP: 11/31 MP: 0/0
  1681 | D:2      | Slain by a ribbon worm

Illustrated notes

Levels and vault maps discovered:
D:1:      evilmike_arrival_plus, layout_basic, serial_shops, shop, shop_statue,
          shop, grunt_decor_arrowhead, minmay_misc_feat_cross, minmay_surrounded
D:2:      layout_loops_cross, minmay_pentomino_u2

Skill      XL: |  1  2  3 |
---------------+----------+-----
Spellcasting   | 4 |  4.3
Conjurations   | 4 |  4.3
Hexes          | 4 |  4.3
Summonings     | 4 |  4.3
Necromancy     | 4 |  4.3
Translocations | 4 |  4.3
Fire Magic     | 4 |  4.3
Ice Magic      | 4 |  4.3
Air Magic      | 4 |  4.3
Earth Magic    | 4 |  4.3
Alchemy        | 4 |  4.3
Dodging        | |  2.1
Stealth        | |  1.5

Action                     |  1- 3 |  4- 6 || total
---------------------------+-------+-------++-------
   Cast: Foxfire           |    76 |    12 ||    88
         Scorch            |     5 |    15 ||    20
 Armour: Robe              |    15 |     9 ||    24
  Dodge: Dodged            |    20 |     9 ||    29
